 Dungeon Sprint DCSS version 0.19-a0-1851-g3228ea0 (webtiles) character file.

15532 Loading the Spry (level 12, -27/66 HPs)
             Began as a Spriggan Warper on Oct 10, 2016.
             Was the Champion of Qazlal.
             Annihilated by an orc warlord
             ... wielding a +1 dire flail of crushing
              (46 damage)
             ... in the Dungeon (Sprint V: "Ziggurat Sprint").
             The game lasted 00:19:32 (2418 turns).

Loading the Spry (Spriggan Warper)                  Turns: 2418, Time: 00:19:33

Health: -27/66     AC: 24    Str:  7    XL:     12   Next: 2%
Magic:  22/28      EV:  2    Int: 16    God:    Qazlal [******]
Gold:   0          SH:  8    Dex: 32    Spells: 6 memorised, 17 levels left

rFire  + + .     SeeInvis +     U - +4 Vampire's Tooth {vamp}
rCold  + . .     Gourm    .     l - +5 gold dragon scales
rNeg   . . .     Faith    .     (shield restricted)
rPois  +         Spirit   .     (helmet restricted)
rElec  .         Dismiss  .     (no cloak)
rCorr  +         Reflect  .     (gloves unavailable)
MR     ++...     Harm     .     (boots unavailable)
Stlth  .......... NoTele   +    (no amulet)
                                L - ring of Sif Muna's Benevolence {rCorr *Contam rF+ Dex+7 Slay+3}
                                y - +6 ring of dexterity

@: protected from physical damage, repel missiles, very quick
A: unfitting armour, see invisible, herbivore 3, speed 3, slow metabolism 2
a: Upheaval, Elemental Force, Disaster Area, Renounce Religion


You were in the Dungeon.
You worshipped Qazlal.
Qazlal was exalted by your worship.
You were not hungry.

You visited 1 branch

Inventory:

Hand Weapons
 I - the +6 shillelagh "Devastator" {shatter}
   (You found it in the Dungeon)
 J - a +9 quick blade of freezing
 K - the +5 demon whip "Spellbinder" {antimagic, MR+}
   (You found it in the Dungeon)

   It reduces the magical energy of the wielder, and disrupts the spells and
   magical abilities of those hit.
   Natural abilities and divine invocations are not affected.
   It affects your resistance to hostile enchantments.
 U - the +4 Vampire's Tooth (weapon) {vamp}
   (You found it in the Dungeon)

   It inflicts no extra harm, but heals its wielder when it wounds a living foe.
Missiles
 e - 5 tomahawks of dispersal (quivered)
Armour
 l - +5 gold dragon scales (worn)
Rods
 O - a +5 rod of clouds (9/9)
   (You found it in the Dungeon)
Jewellery
 n - an uncursed ring of fire
 y - a +6 ring of dexterity (left hand)
 z - a +6 ring of dexterity
 A - a +6 ring of intelligence
 B - a +6 ring of intelligence
 C - a +6 ring of strength
 D - a +6 ring of strength
 L - the ring of Sif Muna's Benevolence (right hand) {rCorr *Contam rF+ Dex+7 Slay+3}
   (You found it in the Dungeon)

   [ring of resist corrosion]

   It affects your dexterity (+7).
   It affects your accuracy and damage with ranged weapons and melee attacks
   (+3).
   It protects you from fire.
   It causes magical contamination when unequipped.
 M - an uncursed ring of positive energy
 P - the ring of Hudysmut {rF+ rC+ rN+ Dex+3 SInv}
   (You found it in the Dungeon)

   [ring of dexterity]

   It affects your dexterity (+3).
   It protects you from fire.
   It protects you from cold.
   It protects you from negative energy.
   It lets you see invisible.
 Q - an uncursed ring of ice
 R - the ring "Ownoruli" {+Fly Dex+3}
   (You found it in the Dungeon)

   [ring of flight]

   It affects your dexterity (+3).
   It lets you fly.
 T - an uncursed ring of wizardry
Wands
 E - a wand of disintegration (7/24)
 F - a wand of iceblast (5/15)
 G - a wand of lightning (5/15)
 H - a wand of acid (5/15)
 N - a wand of hasting (4/9)
Scrolls
 d - 5 scrolls of blinking
 q - 4 scrolls of amnesia
 r - 3 scrolls of recharging
 s - 7 scrolls of fog
 t - 2 scrolls of holy word
 u - 5 scrolls of identify
 v - 5 scrolls of remove curse
 w - 2 scrolls of fear
 S - 4 scrolls of enchant weapon
Potions
 a - 2 potions of brilliance
 b - a potion of invisibility
 g - 8 potions of curing
 h - 5 potions of heal wounds
 i - 2 potions of haste
 j - 7 potions of magic
 k - 3 potions of berserk rage
 m - 4 potions of resistance
 o - 4 potions of agility
 p - 4 potions of might
Books
 c - a book of Spatial Translocations

   Spells                             Type                      Level
   a - Blink                          Translocation                2
   b - Shroud of Golubria             Charms/Translocation         2
   c - Lesser Beckoning               Translocation                3
   d - Portal Projectile              Translocation                3
   e - Teleport Other                 Translocation                3
   f - Passage of Golubria            Translocation                4
Comestibles
 f - 5 bread rations
 x - 33 fruits


   Skills:
 + Level 9.3 Fighting
 * Level 14.2 Short Blades
 - Level 1.0 Throwing
 + Level 8.2 Armour
 + Level 17.4 Dodging
 - Level 11.9 Spellcasting
 - Level 9.4 Charms
 - Level 10.4 Translocations
 * Level 14.5 Invocations


You had 17 spell levels left.
You knew the following spells:

 Your Spells              Type           Power        Failure   Level  Hunger
a - Blink                 Tloc           N/A          100%        2    None
b - Shroud of Golubria    Chrm/Tloc      #####.....   100%        2    None
c - Lesser Beckoning      Tloc           #####.       100%        3    None
d - Portal Projectile     Tloc           #####.       100%        3    None
e - Teleport Other        Tloc           #####...     100%        3    None
f - Passage of Golubria   Tloc           N/A          100%        4    ##.....


Dungeon Overview and Level Annotations

Branches:
Dungeon (1/1)

Altars:
Ashenzari
Cheibriados
Dithmenos
Elyvilon
Fedhas
Gozag
Hepliaklqana
Kikubaaqudgha
Makhleb
Nemelex Xobeh
Okawaru
Qazlal
Ru
Sif Muna
Trog
Uskayaw
Vehumet
Xom
Yredelemnul
Zin
The Shining One
Beogh
Jiyva
Lugonu


Innate Abilities, Weirdness & Mutations

You are very small and have problems with some larger weapons.
You are too small for most types of armour.
You have supernaturally acute eyesight. (SInv)
You are a herbivore.
You cover ground extremely quickly.
You need consume almost no food.


Message History

The orc warlord barely misses you.
Unknown command.
You hit the orc warlord but do no damage.
The orc warlord is almost dead.
The orc warlord hits you with a great sword!!
* * * LOW HITPOINT WARNING * * *
You are too injured to fight recklessly!
Unknown command.
You are too injured to fight recklessly!
You hit the orc warlord.
You feel better.
The orc warlord is almost dead.
You block the orc warlord's attack.
You hit the orc warlord but do no damage.
The orc warlord is almost dead.
You hit the orc warlord.
You feel better.
The orc warlord is almost dead.
The orc warlord hits you but does no damage.
The orc warlord hits you with a dire flail of crushing!!!
Ouch! That really hurt!
You die...

▓.........
▓▓▓▓▓▓▓▓▓▓▓▓▓▓▓▓▓▓▓▓▓▓
▓...8©8...▓...8©8...▓.
▓..=")[[:.▓..:)[.|..▓.
▓..)[≈≈|..▓..).}..|.▓.
▓..)|.))..▓...[.....▓.
▓..).≈§§..▓.........▓.
▓...oo....▓.........▓.
▓...§@§...▓.........▓.
▓..▓.§.▓..▓.........▓.
▓.▓.§...▓.▓.........▓.
▓.........▓.........▓▓
▓▓▓▓▓▓▓▓▓▓▓▓▓▓▓▓▓▓▓▓▓


You could see 2 orc warlords.

Vanquished Creatures
  2 azure jellies (D)
  3 death oozes (D)
  2 orc high priests (D)
  A hell hog (D)
  A sixfirhy (D)
  A glowing orange brain (D)
  An orc knight (D)
  An orc sorcerer (D)
  A shining eye (D)
  4 toenail golems (D)
  An eye of devastation (D)
  2 efreet (D)
  6 guardian mummies (D)
  2 jumping spiders (D)
  A slime creature (D)
  An air elemental (D)
  A tarantella (D)
  3 fire elementals (D)
  A chaos spawn (D)
  A warg (D)
  3 hell hounds (D)
  An orc warrior (D)
  An eye of draining (D)
  3 necrophages (D)
  4 ogres (D)
  2 scorpions (D)
  A quasit (D)
  3 orc priests (D)
  An orc wizard (D)
  4 mummies (D)
  A white imp (D)
  An orc (D)
61 creatures vanquished.

Vanquished Creatures (collateral kills)
  A red devil (D)
  3 insubstantial wisps (D)
  An iron imp (D)
  4 mummies (D)
  A shadow imp (D)
  A white imp (D)
  A jackal simulacrum (D)
12 creatures vanquished.

Vanquished Creatures (others)
  12 acid blobs (D)
  11 azure jellies (D)
  13 death oozes (D)
  Menkaure (D)
  Dowan (D)
  Ijyb (D)
39 creatures vanquished.

Grand Total: 112 creatures vanquished

Notes
Turn   | Place    | Note
-------+----------+-------------------------------------------
     0 | D        | Loading the Spriggan Warper began the quest for the Orb.
     0 | D        | Reached XP level 1. HP: 10/10 MP: 5/5
    16 | D        | Found a blossoming altar of Fedhas.
    18 | D        | Found a deep blue altar of Sif Muna.
    18 | D        | Found a sacrificial altar of Ru.
    18 | D        | Found a bloodstained altar of Trog.
    18 | D        | Found a stormy altar of Qazlal.
    18 | D        | Found an iron altar of Okawaru.
    18 | D        | Found a sparkling altar of Nemelex Xobeh.
    20 | D        | Found an ancient bone altar of Kikubaaqudgha.
    20 | D        | Found a viscous altar of Jiyva.
    20 | D        | Found a corrupted altar of Lugonu.
    20 | D        | Found a hazy altar of Hepliaklqana.
    20 | D        | Found a burning altar of Makhleb.
    20 | D        | Found an opulent altar of Gozag.
    78 | D        | Became a worshipper of Qazlal Stormbringer
    84 | D        | Reached XP level 2. HP: 14/14 MP: 5/13
    88 | D        | Learned a level 2 spell: Blink
    91 | D        | Learned a level 2 spell: Shroud of Golubria
   157 | D        | Entered arena 1.
   157 | D        | Noticed a guardian mummy
   170 | D        | Killed a guardian mummy
   170 | D        | Reached skill level 7 in Dodging
   170 | D        | Reached skill level 10 in Spellcasting
   170 | D        | Reached XP level 3. HP: 20/20 MP: 13/15
   170 | D        | Reached XP level 4. HP: 24/24 MP: 14/17
   170 | D        | Reached XP level 5. HP: 28/28 MP: 14/18
   208 | D        | Entered arena 2.
   208 | D        | Noticed a necrophage
   208 | D        | Noticed a necrophage
   208 | D        | Noticed a necrophage
   217 | D        | Killed a necrophage
   217 | D        | Reached * piety under Qazlal
   217 | D        | Reached skill level 8 in Dodging
   217 | D        | Reached skill level 5 in Charms
   217 | D        | Reached skill level 5 in Invocations
   217 | D        | Reached XP level 6. HP: 32/32 MP: 20/20
   224 | D        | Reached skill level 5 in Short Blades
   224 | D        | Reached skill level 9 in Dodging
   224 | D        | Reached XP level 7. HP: 29/37 MP: 22/22
   305 | D        | Learned a level 3 spell: Lesser Beckoning
   309 | D        | Learned a level 3 spell: Portal Projectile
   313 | D        | Learned a level 3 spell: Teleport Other
   314 | D        | Killed an azure jelly
   318 | D        | Learned a level 4 spell: Passage of Golubria
   320 | D        | Entered arena 3.
   320 | D        | Noticed a toenail golem
   320 | D        | Noticed a toenail golem
   320 | D        | Noticed a toenail golem
   320 | D        | Noticed a toenail golem
   325 | D        | Killed a toenail golem
   325 | D        | Reached ** piety under Qazlal
   325 | D        | Reached skill level 10 in Dodging
   327 | D        | Killed a toenail golem
   327 | D        | Reached skill level 11 in Dodging
   327 | D        | Reached XP level 8. HP: 30/42 MP: 24/24
   329 | D        | Killed a toenail golem
   333 | D        | Killed a toenail golem
   333 | D        | Reached *** piety under Qazlal
   333 | D        | Reached skill level 5 in Fighting
   333 | D        | Reached skill level 12 in Dodging
   342 | D        | Killed a death ooze
   385 | D        | Killed Menkaure
   422 | D        | Killed an azure jelly
   486 | D        | Killed an azure jelly
   498 | D        | Killed a death ooze
   521 | D        | Killed an acid blob
   533 | D        | Entered arena 4.
   533 | D        | Noticed an air elemental
   542 | D        | Killed a death ooze
   544 | D        | Killed an air elemental
   553 | D        | HP: 1/43 [insubstantial wisp (3)]
   554 | D        | Reached XP level 9. HP: 1/47 MP: 18/25
   576 | D        | Got the ring of Sif Muna's Benevolence {rCorr *Contam rF+ Dex+7 Slay+3}
   696 | D        | Killed an azure jelly
   765 | D        | Killed Ijyb
   820 | D        | Entered arena 5.
   820 | D        | Noticed a jumping spider
   820 | D        | Noticed a jumping spider
   827 | D        | Killed a jumping spider
   827 | D        | Reached skill level 10 in Translocations
   827 | D        | Reached **** piety under Qazlal
   833 | D        | Killed a jumping spider
   833 | D        | Reached skill level 13 in Dodging
   833 | D        | Killed a death ooze
   847 | D        | Killed an acid blob
   879 | D        | Killed a death ooze
   927 | D        | Killed an acid blob
   932 | D        | Killed an azure jelly
   946 | D        | Killed a death ooze
   984 | D        | Killed an acid blob
   986 | D        | Killed a death ooze
  1057 | D        | Killed an acid blob
  1108 | D        | Killed a death ooze
  1128 | D        | Killed an acid blob
  1158 | D        | Entered arena 6.
  1158 | D        | Noticed a guardian mummy
  1158 | D        | Noticed a guardian mummy
  1176 | D        | Killed a guardian mummy
  1176 | D        | Reached skill level 5 in Armour
  1183 | D        | Killed a guardian mummy
  1183 | D        | Reached ***** piety under Qazlal
  1308 | D        | Killed a death ooze
  1372 | D        | Killed an acid blob
  1442 | D        | Entered arena 7.
  1459 | D        | Reached skill level 10 in Invocations
  1462 | D        | Reached skill level 14 in Dodging
  1587 | D        | Killed an azure jelly
  1678 | D        | Entered arena 8.
  1678 | D        | Noticed a guardian mummy
  1678 | D        | Noticed a guardian mummy
  1678 | D        | Noticed a guardian mummy
  1687 | D        | Killed a guardian mummy
  1697 | D        | Killed a guardian mummy
  1697 | D        | Reached XP level 10. HP: 49/49 MP: 8/26
  1711 | D        | Reached ****** piety under Qazlal
  1791 | D        | Killed an azure jelly
  1817 | D        | Entered arena 9.
  1817 | D        | Noticed a sixfirhy
  1827 | D        | Killed a sixfirhy
  1892 | D        | Killed Dowan
  1904 | D        | Killed an azure jelly
  2026 | D        | Got the ring of Hudysmut {rF+ rC+ rN+ Dex+3 SInv}
  2028 | D        | Got the ring "Ownoruli" {+Fly Dex+3}
  2053 | D        | Entered arena 10.
  2053 | D        | Noticed a hell hog
  2055 | D        | Reached skill level 15 in Dodging
  2055 | D        | Reached skill level 10 in Short Blades
  2055 | D        | Killed a hell hog
  2101 | D        | Entered arena 11.
  2101 | D        | Noticed a shining eye
  2101 | D        | Noticed an eye of devastation
  2101 | D        | Noticed a death ooze
  2101 | D        | Noticed an azure jelly
  2102 | D        | Noticed a death ooze
  2102 | D        | Noticed an azure jelly
  2103 | D        | Noticed a death ooze
  2103 | D        | Noticed a glowing orange brain
  2104 | D        | Killed a shining eye
  2106 | D        | Killed a death ooze
  2106 | D        | Reached XP level 11. HP: 60/60 MP: 8/27
  2106 | D        | Killed a glowing orange brain
  2106 | D        | Reached skill level 16 in Dodging
  2106 | D        | Killed an azure jelly
  2112 | D        | Killed an azure jelly
  2118 | D        | Killed a death ooze
  2123 | D        | Killed a death ooze
  2155 | D        | Killed an azure jelly
  2157 | D        | Killed an azure jelly
  2176 | D        | Killed an azure jelly
  2211 | D        | Killed a death ooze
  2215 | D        | Killed an acid blob
  2227 | D        | Killed a death ooze
  2228 | D        | Killed an acid blob
  2271 | D        | Killed an acid blob
  2311 | D        | Killed an acid blob
  2332 | D        | Killed a death ooze
  2370 | D        | Killed a death ooze
  2384 | D        | Killed an acid blob
  2404 | D        | Entered arena 12.
  2404 | D        | Noticed an orc warlord
  2404 | D        | Noticed an orc warlord
  2404 | D        | Noticed an orc knight
  2405 | D        | Noticed an orc high priest
  2405 | D        | Noticed an orc high priest
  2405 | D        | Noticed an orc sorcerer
  2407 | D        | Reached skill level 17 in Dodging
  2407 | D        | Killed an orc high priest
  2407 | D        | Killed an orc high priest
  2407 | D        | Killed an orc knight
  2407 | D        | Killed an orc sorcerer
  2407 | D        | Reached XP level 12. HP: 66/66 MP: 28/28
  2418 | D        | Annihilated by an orc warlord

Vault maps used:
D:        sprint_v

Skill      XL: |  1  2  3  4  5  6  7  8  9 10 11 |
---------------+----------------------------------+-----
Spellcasting   | 9 10 11 | 11.9
Fighting       | 3 4 5 6 7 9 |  9.3
Short Blades   | 4 5 6 7 8 11 14 | 14.2
Armour         | 2 3 4 5 6 8 |  8.2
Dodging        | 7 8 9 11 12 14 15 17 | 17.4
Charms         | 4 5 7 8 9 |  9.4
Translocations | 6 7 8 9 10 | 10.4
Invocations    | 4 5 7 8 10 12 14 | 14.5
Throwing       | |  1.0

Action                   |  1- 3 |  4- 6 |  7- 9 | 10-12 || total
-------------------------+-------+-------+-------+-------++-------
Melee: Shillelagh        |     8 |    13 |    33 |       ||    54
       Quick blade       |       |       |    71 |    55 ||   126
       Dagger            |       |       |       |    10 ||    10
Invok: Elemental Force   |       |       |     7 |     2 ||     9
       Disaster Area     |       |       |       |     5 ||     5
  Use: Potion            |     5 |     1 |     9 |     2 ||    17
       Scroll            |       |       |     5 |       ||     5
 Stab: Invisible         |       |       |     4 |       ||     4
       Distracted        |       |       |     1 |     1 ||     2
  Eat: Fruit             |       |       |       |     9 ||     9
Armor: Gold dragon scale |     3 |    17 |    98 |    21 ||   139
Dodge: Dodged            |       |       |    15 |     3 ||    18
Block: Other             |       |     2 |    10 |    12 ||    24
